 Dungeon Crawl Stone Soup version 0.27-a0-1513-g2aaa0cc67b (webtiles) character file.

Game seed: 16654193162366499109

5261 nyamberluvr69 the Fighter (level 10, 0/133 HPs)
             Began as a Formicid Fighter on July 9, 2021.
             Was a Priest of Qazlal.
             Killed by divine providence
             ... invoked by an orc priest
              (11 damage)
             ... on level 10 of the Dungeon.
             The game lasted 00:14:39 (9997 turns).

nyamberluvr69 the Fighter (Formicid Fighter)        Turns: 9997, Time: 00:14:39

Health: 0/133      AC: 29    Str: 25    XL:     10   Next: 93%
Magic:  10/10      EV:  2    Int:  7    God:    Qazlal [***...]
Gold:   568        SH: 13    Dex: 10    Spells: 9/9 levels left

rFire    . . .     SeeInvis .   n - +2 hand axe (freeze)
rCold    . . .     Faith    +   c - +0 kite shield
rNeg     + + +     Spirit   .   (armour currently unavailable)
rPois    +         Reflect  .   (helmet unavailable)
rElec    .         Harm     .   (cloak currently unavailable)
rCorr    .         Rampage  .   (gloves currently unavailable)
Will     +....                  (boots currently unavailable)
Stlth    +.........             g - amulet of faith
HPRegen  0.32/turn              G - +4 ring of slaying
MPRegen  0.12/turn              B - +4 ring of protection

@: tree-form
A: stationary, stasis, torment immunity, boosted hp, permanent stasis, dig
shafts and tunnels, (antennae 3), four strong arms
a: Renounce Religion, Upheaval, Elemental Force


You were on level 10 of the Dungeon.
You worshipped Qazlal.
Qazlal was most pleased with you.
You were a tree.
You visited 1 branch of the dungeon, and saw 10 of its levels.

You collected 568 gold pieces.

Inventory:

Hand Weapons
 a - a +0 war axe
 n - a +2 hand axe of freezing (weapon)
Armour
 c - a +0 kite shield (worn)
 d - a +0 pair of gloves (melded)
 r - a +1 pair of boots (melded)
 u - a +0 chain mail (melded)
 A - a +0 plate armour
Jewellery
 g - an amulet of faith (around neck)
 w - a ring of wizardry
 y - a ring of flight
 B - a +4 ring of protection (right branch)
 G - a +4 ring of slaying (left branch)
 H - a +4 ring of evasion
Wands
 p - a wand of paralysis (13)
Scrolls
 b - a scroll of vulnerability {unknown}
 f - 5 scrolls of teleportation {unknown}
 h - 4 scrolls of amnesia {unknown}
 k - 11 scrolls of identify {unknown}
 l - a scroll of immolation {unknown}
 m - 2 scrolls of summoning {unknown}
 o - 2 scrolls of enchant weapon {unknown}
 q - a scroll of blinking {unknown}
 s - a scroll of acquirement {unknown}
 v - 2 scrolls of magic mapping {unknown}
 x - 2 scrolls of enchant armour {unknown}
 D - a scroll of noise {unknown}
Potions
 e - 2 potions of magic
 i - 5 potions of curing
 j - a potion of attraction {unknown}
 t - a potion of invisibility {unknown}
 z - a potion of lignification
 C - a potion of might
 E - 2 potions of resistance {unknown}
 F - a potion of ambrosia {unknown}


   Skills:
 + Level 11.6 Fighting
 + Level 11.4 Axes
 - Level 3.2 Armour
 - Level 3.6 Shields


You had 9 spell levels left.
You didn't know any spells.
Your spell library contained the following spells:

 Spells                   Type           Power      Damage    Failure   Level
 Animate Skeleton         Necr           0%         N/A       83%         1
 Apportation              Tloc           0%         N/A       83%         1
 Corona                   Hex            0%         N/A       83%         1
 Magic Dart               Conj           0%         1d3       83%         1
 Pain                     Necr           0%         1d4       83%         1
 Summon Small Mammal      Summ           0%         N/A       83%         1
 Call Imp                 Summ           0%         N/A       92%         2
 Ensorcelled Hibernation  Hex/Ice        0%         N/A       92%         2
 Poisonous Vapours        Pois/Air       0%         N/A       92%         2
 Searing Ray              Conj           0%         3d3       92%         2
 Slow                     Hex            0%         N/A       92%         2
 Confusing Touch          Hex            0%         N/A       99%         3
 Dazzling Flash           Conj/Hex       0%         N/A       99%         3
 Mephitic Cloud           Conj/Pois/Air  0%         N/A       99%         3
 Spider Form              Tmut/Pois      0%         N/A       99%         3
 Vampiric Draining        Necr           0%         2d6       99%         3
 Fulminant Prism          Conj/Hex       0%         3d6       100%        4
 Iskenderun's Mystic Bla  Conj/Tloc      0%         2d3       100%        4
 Blade Hands              Tmut           0%         N/A       100%        5
 Freezing Cloud           Conj/Ice/Air   0%         6-21      100%        5
 Irradiate                Conj/Tmut      0%         3d14      100%        5
 Lee's Rapid Deconstruct  Erth           0%         3d5*      100%        5
 Yara's Violent Unravell  Hex/Tmut       0%         3d3       100%        5
 Eringya's Noxious Bog    Tmut/Pois      0%         N/A       100%        6
 Shadow Creatures         Summ           N/A        N/A       100%        6
 Dragon Form              Tmut           0%         N/A       100%        7


Dungeon Overview and Level Annotations

Branches:
Dungeon (10/15)            Temple (0/1) D:6             Orc (0/2) D:10
   Lair: D:8-11

Altars:
Gozag
Makhleb
Okawaru
Qazlal
Ru
Sif Muna
Trog
Uskayaw
Wu Jian
Xom
Yredelemnul
Zin
The Shining One

Shops:
D:1 [   D:3 :

Annotations:
D:4 Nausicaa's ghost, novice VSTm
D:6 2 transporters


Innate Abilities, Weirdness & Mutations

You are a tree.
Your roots penetrate the ground, keeping you stationary.
You cannot be teleported.
You are immune to unholy pain and torment.
Your maximum health is greatly increased.
Your equipment is partially melded.
You cannot be hasted, slowed, berserked, paralysed or teleported.
You can dig through walls and to a lower floor.
((You have a pair of large antennae on your head. (SInv)))
Your four strong arms can wield two-handed weapons with a shield.


Message History

You slash the orc warrior! You freeze the orc warrior.
You kill the orc warrior!
Qazlal accepts your kill.
You feel sick.
The orc priest looks braver for a moment.
You closely miss the warg.
You feel sick. The warg barely misses you.
The orc priest begins to cast a cantrip, but forgets the words!
You hit the warg but do no damage.
You feel sick. The warg bites you. You block the orc priest's attack.
You barely miss the warg.
You feel sick. The warg bites you but does no damage.
You block the orc priest's attack.
You barely miss the warg. You block the warg's attack.
You hit the warg. You freeze the warg.
The warg is lightly wounded.
You feel sick.
The orc priest looks braver for a moment.
The warg bites you.
You hit the warg. You freeze the warg.
The warg is moderately wounded.
You feel sick.
You are no longer poisoned.
The warg bites you!
* * * LOW HITPOINT WARNING * * *
The orc priest barely misses you.
It was a potion of magic.
Magic courses through your body. You block the warg's attack.
You block the orc priest's attack. The warg bites you!
* * * LOW HITPOINT WARNING * * *
It was a potion of lignification.
You turn into a tree.
Your +0 pair of gloves melds into your body.
Your +1 pair of boots melds into your body.
Your +0 chain mail melds into your body.
Your roots penetrate the ground.
You block the orc priest's attack. The warg bites you but does no damage.
You hit the warg. You freeze the warg.
The warg is heavily wounded.
The warg bites you but does no damage.
The orc priest invokes the aid of Beogh against you.
Beogh smites you!
You die...

#.... #...# #...# #...#
#...# . #...# ... #...#
.....###############....
.....oh♣................
.....o######............
......{........##.......
.... ..........##.......
... ...................
>. .###+#############+ .


You could see a warg, an orc priest and an orc wizard.

Vanquished Creatures
  A two-headed ogre (D:8)
  A troll (D:10)
  Prince Ribbit (D:5)
  Sigmund (D:3)
  7 yaks
  Eustachio (D:5)
  Edmund (D:5)
  An acid dragon (D:10)
  4 water moccasins
  3 orc warriors
  2 black bears
  2 sky beasts
  A necrophage (D:7)
  2 centaurs
  A kobold brigand (D:9)
  A bullfrog (D:4)
  5 killer bees (D:9)
  7 wights
  3 howler monkeys (D:7)
  A gnoll shaman (D:10)
  2 jellies
  5 orc priests
  A centaur skeleton (D:7)
  2 iguanas (D:5)
  3 orc wizards
  A howler monkey skeleton (D:7)
  A river rat (D:4)
  8 adders
  5 gnolls (D:10)
  A shadow imp (D:6)
  2 dart slugs (D:1)
  15 orcs
  7 endoplasms
  5 giant cockroaches
  10 goblins
  3 hobgoblins
  20 jackals
  15 kobolds
  6 quokkas
  5 ball pythons
  9 bats
  2 frilled lizards
  7 rats
181 creatures vanquished.

Vanquished Creatures (others)
  A howler monkey zombie (D:9)
  A fungus (D:3)
  A plant (D:3)
3 creatures vanquished.

Grand Total: 184 creatures vanquished

Notes
Turn   | Place    | Note
-------+----------+-------------------------------------------
     0 | D:1      | nyamberluvr69 the Formicid Fighter began the quest for the
                  | Orb.
     0 | D:1      | Reached XP level 1. HP: 18/18 MP: 1/1
   114 | D:1      | Reached XP level 2. HP: 21/24 MP: 2/2
   230 | D:1      | You fall into a shaft and drop 1 floor!
   237 | D:2      | Reached XP level 3. HP: 30/30 MP: 3/3
   558 | D:2      | Got the Disquisition on Poisoning and Attacks
   939 | D:2      | Reached XP level 4. HP: 37/37 MP: 4/4
  1841 | D:1      | Reached XP level 5. HP: 42/42 MP: 5/5
  2004 | D:1      | Found Mofiuheb's Armour Shoppe.
  2201 | D:3      | Found a basalt altar of Yredelemnul.
  2201 | D:3      | Noticed Sigmund
  2321 | D:3      | Killed Sigmund
  2322 | D:3      | Reached skill level 5 in Fighting
  2322 | D:3      | Reached skill level 5 in Axes
  2322 | D:3      | Reached XP level 6. HP: 51/51 MP: 6/6
  2358 | D:3      | Found a stormy altar of Qazlal.
  2476 | D:3      | Became a worshipper of Qazlal Stormbringer
  2574 | D:3      | Found Nynol's Book Shop.
  2649 | D:3      | Found a faded altar of an unknown god.
  2962 | D:4      | Reached XP level 7. HP: 28/56 MP: 7/7
  3348 | D:4      | Found a runed translucent door.
  3350 | D:4      | Noticed Nausicaa's ghost (novice VSTm)
  3471 | D:4      | Found a bloodstained altar of Trog.
  3834 | D:4      | Found a runed translucent door.
  3860 | D:5      | Entered Level 5 of the Dungeon
  3896 | D:5      | Noticed a water moccasin
  3905 | D:5      | Killed a water moccasin
  4225 | D:4      | Reached XP level 8. HP: 64/64 MP: 8/8
  4507 | D:5      | Found a shimmering altar of Xom.
  4571 | D:5      | Noticed Eustachio
  4605 | D:5      | Killed Eustachio
  4688 | D:5      | Noticed Prince Ribbit
  4696 | D:5      | Killed Prince Ribbit
  4798 | D:5      | Found an iron altar of Okawaru.
  5070 | D:6      | Found a transporter.
  5070 | D:6      | Noticed a seven-headed hydra
  5071 | D:6      | Noticed a shadow
  5085 | D:6      | Found a transporter.
  5180 | D:6      | Found a glowing silver altar of Zin.
  5180 | D:6      | Found an ornate altar of the Wu Jian Council.
  5180 | D:6      | Found an opulent altar of Gozag.
  5222 | D:6      | Reached * piety under Qazlal
  5245 | D:6      | Found a staircase to the Ecumenical Temple.
  5363 | D:6      | Noticed Edmund
  5363 | D:6      | Noticed a yak
  5365 | D:6      | Noticed a yak
  5368 | D:6      | Noticed a yak
  5370 | D:6      | Noticed a yak
  5390 | D:5      | Killed a yak
  5391 | D:5      | Reached XP level 9. HP: 25/73 MP: 9/9
  5392 | D:5      | Killed Edmund
  5655 | D:6      | You fall into a shaft and drop 2 floors!
  5710 | D:7      | Found a hide-covered altar of Uskayaw.
  6289 | D:7      | Found a sacrificial altar of Ru.
  6843 | D:8      | Reached ** piety under Qazlal
  7054 | D:8      | Identified the +0 ring mail "Liemowept" {Harm rC- Dex+4}
  7138 | D:8      | Reached skill level 10 in Axes
  7144 | D:8      | Reached XP level 10. HP: 35/83 MP: 10/10
  7420 | D:8      | Noticed a seven-headed hydra
  7629 | D:8      | Noticed a two-headed ogre
  7644 | D:8      | Killed a two-headed ogre
  7645 | D:8      | Reached skill level 10 in Fighting
  9018 | D:9      | Found a shimmering blue altar of Sif Muna.
  9324 | D:9      | Found a burning altar of Makhleb.
  9470 | D:9      | Found a glowing golden altar of the Shining One.
  9574 | D:10     | Entered Level 10 of the Dungeon
  9976 | D:10     | Found a staircase to the Orcish Mines.
  9979 | D:10     | Identified the +5 scimitar "Hairimyll" {venom, rPois Will+}
  9982 | D:10     | Reached *** piety under Qazlal
  9997 | D:10     | Killed from afar by an orc priest

Illustrated notes

Levels and vault maps discovered:
D:1:      nzn_arrival_water_spiral, layout_loops_ring, serial_shops, shop
D:2:      layout_rooms, chequers_arboretum, nrook_mini_vaults
D:3:      layout_basic, overflow_temple_1_default,
          nicolae_qazlal_scattered_showers, shapermc_ecumenical_altar_acropolis,
          serial_shops, nicolae_shop_statue_plus, amcnicky_mini_pool_small,
          uniq_sigmund
D:4:      layout_loops_ring, old_standard_altar, ebering_ghost_sewer_f,
          roderic_serpentine_path
D:5:      layout_basic, okawaru_gym_becter, amcnicky_altar_gilded,
          uniq_prince_ribbit1, uniq_eustachio
D:6:      layout_loops_ring, gammafunk_temple_overflow_arena,
          minmay_temple_entry_drinking_statues, uniq_duvessa, uniq_edmund
D:7:      layout_gridville, nicolae_ru_awakened_eye, nicolae_uskayaw_dance_hall
D:8:      layout_loops_corners
D:9:      layout_irregular_city, mainiacjoe_overflow_cross_hatched,
          mainiacjoe_overflow_swirl, minmay_misc_feat_roman,
          lemuel_flamethrower_hall
D:10:     cheibrodos_iron_armory, layout_stronghold, david_orc_3,
          grunt_potential

Skill      XL: |  1  2  3  4  5  6  7  8  9 10 |
---------------+-------------------------------+-----
Axes           | 3 4 5 7 8 10 11 | 11.4
Fighting       | 4 5 6 8 9 11 | 11.6
Armour         | |  3.2
Shields        | |  3.6

Action                   |  1- 3 |  4- 6 |  7- 9 | 10-12 || total
-------------------------+-------+-------+-------+-------++-------
Melee: War axe           |    78 |    75 |       |       ||   153
       Hand axe          |       |    80 |   250 |   150 ||   480
 Abil: Dig               |       |       |     1 |     1 ||     2
Evoke: Wand              |       |       |     1 |     4 ||     5
  Use: Potion            |       |     1 |     1 |     3 ||     5
Armor: Scale mail        |    37 |    59 |    26 |       ||   122
       Chain mail        |       |       |    91 |    64 ||   155
       Skin              |       |       |       |     2 ||     2
Dodge: Dodged            |    27 |    57 |    73 |    34 ||   191
Block: Kite shield       |    48 |    62 |   133 |    97 ||   340

Table legend: (Time is in decaauts)
 A = Elapsed time spent in this place.
 B = Non-inter-level travel time spent in this place.
 C = Inter-level travel time spent in this place.
 D = Time resting spent in this place.
 E = Time spent auto-exploring this place.
 F = Levels seen in this place.
 G = Mean time per level.
                   A        B        C        D        E       F      G
               +--------+--------+--------+--------+--------+-----+--------+
         Total |  10113 |   9638 |    475 |   1892 |   6121 |  10 | 1011.3 |
       Dungeon |  10113 |   9638 |    475 |   1892 |   6121 |  10 | 1011.3 |
               +--------+--------+--------+--------+--------+-----+--------+

Top non-repeatable levels by time:
     D:8: 1858 daAuts
     D:4: 1335 daAuts
     D:1: 1317 daAuts
     D:5: 1152 daAuts
     D:7: 1133 daAuts
     D:2: 1054 daAuts
     D:9: 919 daAuts
     D:3: 585 daAuts
    D:10: 419 daAuts
     D:6: 337 daAuts
